 Dungeon Crawl Stone Soup version 0.30.0-19-g36f170ea60 (webtiles) character file.

Game seed: 10813896746707558303

414 GimliDwarf the Insei (level 6, -6/46 HPs)
             Began as a Merfolk Transmuter on June 1, 2023.
             Splashed by a jelly's acid (9 damage)
             ... on level 4 of the Dungeon.
             The game lasted 00:12:28 (2989 turns).

GimliDwarf the Insei (Merfolk Transmuter)           Turns: 2989, Time: 00:12:29

Health: -6/46      AC: -6    Str: 12    XL:     6   Next: 91%
Magic:  11/11      EV: 14    Int: 12    God:
Gold:   115        SH:  0    Dex: 21    Spells: 2/12 levels left

rFire   . .          .
                       - Unarmed
rCold   . . .        (no shield)
rNeg    . . .        e - +0 leather armour
rPois   .            (helmet currently unavailable)
rElec   .            d - +0 cloak
rCorr   .            j - +0 pair of gloves
SInv    .            (boots currently unavailable)
Will    .....        (no amulet)
Stlth   ++           f - ring of wizardry
HPRegen 0.27/turn    l - +6 ring of dexterity
MPRegen 0.12/turn

%: wizardry (x1)
@: appendages, corroded
A: horns 2, (nimble swimmer 2), mertail
a: End Transformation


You were on level 4 of the Dungeon.
You had temporarily grown beastly horns.
You visited 1 branch of the dungeon, and saw 4 of its levels.

You collected 115 gold pieces.

Inventory:

Hand Weapons
 i - a +2 dagger of protection
Armour
 d - a +0 cloak (worn)
 e - a +0 leather armour (worn)
 g - a scarf of shadows
 j - a +0 pair of gloves (worn)
Jewellery
 f - a ring of wizardry (left hand)
 l - a +6 ring of dexterity (right hand)
 m - an amulet of reflection
Wands
 k - a wand of flame (15)
Scrolls
 a - a scroll of magic mapping
 b - a scroll of teleportation
Potions
 c - a potion of attraction {unknown}
 h - a potion of heal wounds {unknown}
 n - a potion of brilliance {unknown}


   Skills:
 + Level 2.4 Fighting
 * Level 1.6 Armour
 * Level 4.0 Dodging
 * Level 2.0 Stealth
 + Level 4.2 Unarmed Combat
 * Level 3.7 Spellcasting
 + Level 3.5 Transmutations
 * Level 1.7 Poison Magic


You had 2 spell levels left.
You knew the following spells:

 Your Spells              Type           Power      Damage    Failure   Level
a - Beastly Appendage     Tmut           20%        N/A       2%          1
b - Wereblood             Tmut           10%        N/A       4%          2
c - Spider Form           Tmut/Pois      8%         N/A       12%         3
d - Ice Form              Ice/Tmut       6%         N/A       45%         4

Your spell library contained the following spells:

 Spells                   Type           Power      Damage    Failure   Level
 Sublimation of Blood     Necr           2%         N/A       17%         2
 Inner Flame              Hex/Fire       2%         N/A       32%         3
 Starburst                Conj/Fire      1%         6d3       100%        6
 Summon Hydra             Summ           1%         N/A       100%        7
 Borgnjor's Revivificati  Necr           1%         N/A       100%        8
 Necromutation            Tmut/Necr      3%         N/A       100%        8
 Death's Door             Necr           1%         N/A       100%        9


Dungeon Overview and Level Annotations

Branches:
Dungeon (4/15)
 Temple: D:4-7

Altars:

Shops:
D:1 !   D:2 [

Annotations:
D:3 2 transporters, GloriousHammer's ghost, weakling MeEE


Innate Abilities, Weirdness & Mutations

You have temporarily grown beastly horns.
((You are very nimble when in or above water. (Stealth+, EV+, Speed+++)))
Your lower body shifts to a powerful aquatic tail in water.


Message History

Your transformation is almost over.
Your horns disappear.
HP restored.
Found a stone staircase leading down.
Found a spear.
A jelly comes into view.
Casting: Beastly Appendage (safe; 2% risk of failure)
Press: ? - help, Q - select action, (/) - cycle Dir - look around, f - activate You grow a pair of large bovine horns.
The jelly quivers.
You hit the jelly but do no damage. The acid corrodes you!
Your hands burn!
The jelly completely misses you.
You hit the jelly. The acid corrodes you!
Your hands burn!
The jelly is moderately wounded.
The jelly closely misses you.
You hit the jelly.
Your hands burn!
The jelly is heavily wounded.
The jelly closely misses you.
You hit the jelly but do no damage.
Your hands burn!
You headbutt the jelly, but do no damage.
The jelly is heavily wounded.
The jelly closely misses you.
You hit the jelly but do no damage.
Your hands burn!
You headbutt the jelly, but do no damage.
The jelly is heavily wounded.
The jelly hits you. The acid corrodes you!
You are splashed with acid!
You hit the jelly but do no damage.
Your hands burn!
The jelly is heavily wounded.
The jelly closely misses you.
You hit the jelly but do no damage.
Your hands burn!
* * * LOW HITPOINT WARNING * * *
The jelly is heavily wounded.
The jelly hits you.
* * * LOW HITPOINT WARNING * * *
You are splashed with acid.
* * * LOW HITPOINT WARNING * * *
The jelly attacks as you move away! The jelly hits you.
* * * LOW HITPOINT WARNING * * *
You are splashed with acid!
You die...

*,,,,,,,,**,*,,,,*..,,*,,,*
*
****,<,,,**,*.##,,.#***,,,*
* *,,**,**,,..#,..# *,,,* *
*,,**,****......# *,,,* *
*,,**,****#.#...* ***** *
*,,,,,#,,,.>..,,*
*,****#.###.#,*** **
*,#####.#.J.#,* *,
*,.......@#.#,**** *,
**#######.#......# *,
#..<..#.#.#.)..# *,
#.#...#†#.###..# *,
#.#####.#.# *,.# *,
#.>.....#.# *,,# *,
#########.# *,,* **
********,,..# *,,*
****,,,,,,,,**** *,,*


You could see a jelly.

Vanquished Creatures
  Grinder (D:3)
  Jessica (D:3)
  Robin (D:2)
  9 adders
  A gnoll (D:1)
  3 worms
  A dart slug (D:1)
  6 bats
  5 endoplasms
  2 giant cockroaches
  12 goblins
  7 hobgoblins
  3 jackals (D:1)
  3 quokkas
  8 ball pythons
  4 frilled lizards
  6 kobolds
  5 rats
78 creatures vanquished.

Notes
Turn   | Place    | Note
-------+----------+-------------------------------------------
     0 | D:1      | GimliDwarf the Merfolk Transmuter began the quest for the
                  | Orb.
     0 | D:1      | Reached XP level 1. HP: 15/15 MP: 3/3
   300 | D:1      | Found Mubrer's Distillery.
   334 | D:1      | Reached XP level 2. HP: 17/21 MP: 3/5
   337 | D:1      | Learned a level 2 spell: Wereblood
   460 | D:1      | Reached XP level 3. HP: 16/27 MP: 3/6
   557 | D:1      | Learned a level 3 spell: Spider Form
  1194 | D:2      | Found Hogei's Armour Shop.
  1310 | D:2      | Reached XP level 4. HP: 28/33 MP: 7/7
  1366 | D:2      | Noticed Robin
  1523 | D:2      | Killed Robin
  1691 | D:2      | Reached XP level 5. HP: 33/38 MP: 7/9
  1706 | D:2      | Reached skill level 1 in Armour
  1776 | D:2      | Got the Catalogue of the Tropics
  2143 | D:3      | Reached skill level 1 in Poison Magic
  2220 | D:3      | Noticed Jessica
  2225 | D:3      | Killed Jessica
  2403 | D:3      | Found a transporter.
  2406 | D:3      | Noticed GloriousHammer's ghost (weakling MeEE)
  2416 | D:3      | Reached skill level 1 in Stealth
  2690 | D:3      | Noticed Grinder
  2710 | D:3      | HP: 1/39 [Grinder (5)]
  2711 | D:3      | Killed Grinder
  2712 | D:3      | Reached XP level 6. HP: 2/46 MP: 7/11
  2899 | D:3      | Found a transporter.
  2910 | D:3      | Learned a level 4 spell: Ice Form
  2989 | D:4      | Splashed by a jelly's acid

Illustrated notes

Levels and vault maps discovered:
D:1:      nzn_arrival_depleted_hourglass, layout_loops_corners, serial_shops,
          nicolae_shop_industrial_runoff, nicolae_grassy_gnolls
D:2:      layout_basic, serial_shops, nicolae_diamond_shop, uniq_robin
D:3:      layout_basic, gammafunk_ghost_mausoleum, kennysheep_big_empty_room,
          uniq_jessica, uniq_grinder
D:4:      layout_basic, minivault_27, hex_tiny

Skill      XL: |  1  2  3  4  5 |
---------------+----------------+-----
Dodging        | 3 4 |  4.0
Fighting       | 2 |  2.4
Transmutations | 3 |  3.5
Armour         | 1 |  1.6
Poison Magic   | 1 |  1.7
Spellcasting   | 3 |  3.7
Stealth        | 2 |  2.0
Unarmed Combat | 4 |  4.2

Action                     |  1- 3 |  4- 6 || total
---------------------------+-------+-------++-------
  Melee: Unarmed           |    68 |   181 ||   249
         Headbutt          |     7 |    24 ||    31
         Punch             |     3 |     3 ||     6
   Cast: Beastly Appendage |    15 |    27 ||    42
         Wereblood         |     2 |     5 ||     7
  Evoke: Wand              |       |     1 ||     1
    Use: Scroll            |     2 |     2 ||     4
         Potion            |       |     1 ||     1
   Stab: Sleeping          |     1 |       ||     1
 Armour: Robe              |    12 |       ||    12
         Leather armour    |     5 |    41 ||    46
         Skin              |       |    27 ||    27
  Dodge: Dodged            |    38 |   138 ||   176
